 Dungeon Crawl Stone Soup version 0.31-a0-1555-g5715333c33 (webtiles) character file.

Game seed: 7589628846614835168

343 GordonOverkill the Sneak (level 6, -1/32 HPs)
             Began as a Spriggan Delver on Jan 3, 2024.
             Killed from afar by an orc wizard (11 damage)
             ... with a magic dart
             ... on level 3 of the Dungeon.
             The game lasted 00:07:23 (1539 turns).

GordonOverkill the Sneak (Spriggan Delver)          Turns: 1539, Time: 00:07:23

Health: -1/32      AC:  3    Str:  8    XL:     6   Next: 31%
Magic:  7/7        EV: 17    Int: 12    God:
Gold:   167        SH:  0    Dex: 18    Spells: 5/5 levels left

rFire   . . .        b - +0 sling
rCold   . . .        (no shield)
rNeg    + . .        l - +1 robe {rN+}
rPois   .            (helmet restricted)
rElec   .            (no cloak)
rCorr   .            (gloves unavailable)
SInv    +            (boots unavailable)
Will    +....        (no amulet)
Stlth   ++           m - +4 ring of slaying
HPRegen 0.25/turn    (no ring)
MPRegen 0.10/turn

%: no passive effects
@: confused, invisible, very quick
A: very small, no large weapons, unfitting armour, see invisible, speed 3
a: no special abilities


You were on level 3 of the Dungeon.
You visited 1 branch of the dungeon, and saw 4 of its levels.

You collected 167 gold pieces.

Inventory:

Hand Weapons
 a - a +0 short sword
 b - a +0 sling (weapon)
Armour
 l - a +1 robe of positive energy (worn)
Jewellery
 m - a +4 ring of slaying (left hand)
Wands
 g - a wand of digging (2)
 h - a wand of charming (7)
Scrolls
 c - a scroll of fog
 d - a scroll of revelation
 e - a scroll of fear
 k - a scroll of teleportation {unknown}
 o - a scroll of identify {unknown}
 p - a scroll of poison {unknown}
Potions
 f - a potion of haste
 j - a potion of heal wounds {unknown}
 n - a potion of cancellation {unknown}
 q - a potion of lignification {unknown}


   Skills:
 - Level 3.0 Fighting
 - Level 2.1 Short Blades
 + Level 5.8 Ranged Weapons
 - Level 2.6 Dodging
 - Level 7.2 Stealth
 - Level 1.3 Evocations


You had 5 spell levels left.
You didn't know any spells.
Your spell library was empty.

Dungeon Overview and Level Annotations

Branches:
Dungeon (6/15)
 Temple: D:4-7

Altars:
Qazlal
Ru
Xom

Annotations:
D:4 exclusions: bombardier beetle, ogre, orc priest and sleepcap, Duvessa
D:5 exclusions: jelly and water moccasin


Innate Abilities, Weirdness & Mutations

You are very small and have problems with some larger weapons.
You are too small for most types of armour.
You have supernaturally acute eyesight. (SInv)
You cover ground extremely quickly. (Speed+++)


Message History

You shoot a sling bullet. The sling bullet hits the orc wizard.
The orc wizard is lightly wounded.
Fire: b) +0 sling
Press: ? - help, Q - select action, (/) - cycle Shift-Dir - straight line, f/p - orc wizard
Aim: an orc wizard, wielding a +0 dagger and wearing a +0 robe (lightly wounded, 60% to hit)
You shoot a sling bullet.
The sling bullet barely misses the orc wizard.
Fire: b) +0 sling
Press: ? - help, Q - select action, (/) - cycle Shift-Dir - straight line, f/p - orc wizard
Aim: an orc wizard, wielding a +0 dagger and wearing a +0 robe (lightly wounded, 60% to hit)
You shoot a sling bullet. The sling bullet hits the orc wizard!
The orc wizard is severely wounded.
Fire: b) +0 sling
Press: ? - help, Q - select action, (/) - cycle Shift-Dir - straight line, f/p - orc wizard
Aim: an orc wizard, wielding a +0 dagger and wearing a +0 robe (severely wounded, 60% to hit)
You shoot a sling bullet. The sling bullet hits the orc wizard.
The orc wizard is almost dead.
The orc wizard gestures at you while chanting.
You are confused.
Non-targeted confused fire: b) +0 sling
Press: ? - help, Q - select action, (/) - cycle Dir - look around, f - activate You shoot a sling bullet.
Non-targeted confused fire: b) +0 sling
Press: ? - help, Q - select action, (/) - cycle Dir - look around, f - activate You shoot a sling bullet.
The orc wizard casts a spell at you. The magic dart hits you!
* * * LOW HITPOINT WARNING * * *
Unknown command.
Unknown command.
It was a potion of invisibility.
You fade into invisibility!
The orc wizard casts a spell at you. The magic dart hits you!
* * * LOW HITPOINT WARNING * * *
The orc wizard casts a spell at something.
The puff of flame misses you. The orc wizard casts a spell at you.
The magic dart hits you!
You die...

### .#.# # ... # #o. # #..
####### #>. #......
#..#####.# #.#####
#........# ############.#
#...#########@.......<...#
#.#.........o..############
#.#.########### ##.## ##


You could see an orc wizard (unable to see you).

Vanquished Creatures
  An ogre (D:4)
  A kobold brigand (D:4)
  3 orc priests
  An iguana (D:4)
  An orc wizard (D:3)
  3 adders (D:4)
  A dart slug (D:3)
  10 orcs
  2 endoplasms
  A quokka (D:4)
  2 ball pythons (D:4)
  A bat (D:3)
27 creatures vanquished.

Notes
Turn   | Place    | Note
-------+----------+-------------------------------------------
     0 | D:5      | GordonOverkill the Spriggan Delver began the quest for the
                  | Orb.
     0 | D:5      | Reached XP level 1. HP: 11/11 MP: 2/2
    14 | D:6      | Noticed a sky beast
    14 | D:6      | Noticed a sky beast
    26 | D:6      | Noticed an orc wizard
    71 | D:5      | Noticed a jelly
   114 | D:5      | Noticed a water moccasin
   170 | D:5      | Noticed a scorpion
   173 | D:5      | Noticed a hound
   185 | D:5      | Noticed an iguana
   185 | D:5      | Noticed a hound
   185 | D:5      | Noticed an orc wizard
   191 | D:5      | Noticed an ogre
   252 | D:4      | Noticed an ogre
   258 | D:4      | Noticed an orc priest
   258 | D:4      | Noticed an iguana
   314 | D:4      | Found a stormy altar of Qazlal.
   314 | D:4      | Found a sacrificial altar of Ru.
   318 | D:4      | Reached skill level 1 in Evocations
   388 | D:4      | Noticed a sleepcap
   404 | D:4      | Reached skill level 1 in Ranged Weapons
   404 | D:4      | Reached XP level 2. HP: 16/16 MP: 3/3
   561 | D:4      | Noticed a bombardier beetle
   693 | D:4      | Noticed a kobold brigand
   738 | D:4      | Killed an ogre
   739 | D:4      | Reached XP level 3. HP: 19/19 MP: 4/4
   739 | D:4      | Reached XP level 4. HP: 23/23 MP: 5/5
  1095 | D:4      | Killed a kobold brigand
  1096 | D:4      | Reached skill level 5 in Ranged Weapons
  1096 | D:4      | Reached XP level 5. HP: 27/27 MP: 6/6
  1209 | D:4      | Noticed Duvessa
  1254 | D:3      | Found a shimmering altar of Xom.
  1342 | D:3      | Reached XP level 6. HP: 32/32 MP: 7/7
  1539 | D:3      | Killed from afar by an orc wizard

Illustrated notes

Levels and vault maps discovered:
D:3:      layout_loops_ring, old_standard_altar, nicolae_overflow_hidden_temple,
          serial_bayou_pond_c, kennysheep_orc_chapel
D:4:      layout_gridville, mainiacjoe_overflow_divided_tiny,
          mainiacjoe_overflow_paths, hangedman_decor_lopped, uniq_duvessa
D:5:      layout_loops_ring, minmay_temple_entry_metal_lava
D:6:      layout_cave_pools, gammafunk_ghost_nasty_kobolds, uniq_prince_ribbit1

Skill      XL: |  1  2  3  4  5 |
---------------+----------------+-----
Evocations     | 1 |  1.3
Ranged Weapons | 1 3 5 |  5.8
Fighting       | 3 |  3.0
Short Blades   | |  2.1
Dodging        | |  2.6
Stealth        | |  7.2

Action                     |  1- 3 |  4- 6 || total
---------------------------+-------+-------++-------
  Melee: Short sword       |     8 |       ||     8
   Fire: Sling             |    16 |    98 ||   114
  Evoke: Wand              |       |     1 ||     1
    Use: Potion            |       |     1 ||     1
   Stab: Sleeping          |     1 |       ||     1
 Armour: Robe              |     3 |    11 ||    14
  Dodge: Dodged            |     9 |    27 ||    36

Table legend: (Time is in decaauts)
 A = Elapsed time spent in this place.
 B = Non-inter-level travel time spent in this place.
 C = Inter-level travel time spent in this place.
 D = Time resting spent in this place.
 E = Time spent auto-exploring this place.
 F = Levels seen in this place.
 G = Mean time per level.
                   A        B        C        D        E       F      G
               +--------+--------+--------+--------+--------+-----+--------+
         Total |   1086 |   1086 |      0 |    173 |    224 |   4 |  271.5 |
       Dungeon |   1086 |   1086 |      0 |    173 |    224 |   4 |  271.5 |
               +--------+--------+--------+--------+--------+-----+--------+

Top non-repeatable levels by time:
     D:4: 737 daAuts
     D:3: 207 daAuts
     D:5: 136 daAuts
     D:6: 5 daAuts
